AoeStats
← Sheila do Almoxarifado

Hideout

510271451Analyzed
1v1 RM · 23h ago on Sep 30, 2026· 28m 49s· 2 players
Game mode
Random Map
Map size
Tiny (2 player)
Population
200
Speed
Normal
Resources
Standard
Victory
Conquest
Starting age
Dark Age
Ending age
Imperial Age
RankedLock teamsTeams togetherTeam positionsShared explorationLock speedFull tech treeHidden civsTurbo modeCheats
Victory
Defeat
🇺🇸 Saxons · United States
1473
+18
🇧🇷 Danes · Brazil
1511
-18
JoRogue
10:34 Feudal Age
14:30 Castle Age
12:21 Double-Bit Axe
13:14 Horse Collar
15:00 Fletching
15:29 Bow Saw
17:05 Crossbowman
18:49 Bodkin Arrow
22:20 Loom
24:32 Wheelbarrow
25:55 Thumb Ring
26:36 Gold Mining
27:55 Ballistics
28:50 Padded Archer Armor
Sheila do Almoxarifado
12:43 Feudal Age
17:53 Castle Age
16:55 Double-Bit Axe
18:12 Horse Collar
19:13 Loom
21:57 Scale Mail Armor
22:09 Squires
23:23 Forging
26:05 Iron Casting
26:10 Chain Mail Armor
27:18 Wheelbarrow
27:39 Arson
Connection lost

Rejoining the realm…

Still unreachable

The connection could not be restored.

Session expired

The server has moved on; the page needs a fresh start.